AoeStats
← RaZeeeeK

Arena

509797834Analyzed
4v4 RM · 5d ago on Sep 28, 2026· 55m 4s· 8 players
Game mode
Random Map
Map size
Large (8 player)
Population
200
Speed
Normal
Resources
Standard
Victory
Conquest
Starting age
Dark Age
Ending age
Imperial Age
RankedLock teamsTeams togetherTeam positionsShared explorationLock speedFull tech treeHidden civsTurbo modeCheats
Victory
Defeat
🇨🇴 Spanish · Colombia
1462
+11
🇵🇪 Dravidians · Peru
1377
+15
🇨🇱 Cumans · Chile
1293
+18
🇨🇴 Burgundians · Colombia
1281
+18
🇨🇱 Varangians · Chile
1414
-18
🇨🇱 Burgundians · Chile
1353
-16
🇨🇱 Spanish · Chile
1337
-15
🇨🇱 Ethiopians · Chile
1269
-13
Loco Saiti
10:47 Feudal Age
14:26 Castle Age
13:05 Double-Bit Axe
13:23 Horse Collar
14:30 Loom
15:31 Bow Saw
15:58 Padded Archer Armor
19:34 Leather Archer Armor
24:46 Bloodlines
25:26 Husbandry
28:04 Wheelbarrow
31:51 Imperial Age
31:17 Masonry
34:38 Architecture
34:06 Town Watch
39:33 Chemistry
38:43 Scale Barding Armor
38:49 Forging
38:43 Cavalier
39:45 Chain Barding Armor
41:00 Iron Casting
42:04 Ballistics
43:02 Plate Barding Armor
47:02 Light Cavalry
49:06 Heavy Plow
50:20 Fortified Wall
50:18 Capped Ram
54:55 Hussar
Pipeño
6:23 Double-Bit Axe
7:08 Horse Collar
10:48 Feudal Age
14:39 Castle Age
15:51 Bow Saw
21:20 Heavy Plow
23:59 Wheelbarrow
24:26 Two-Man Saw
25:31 Hand Cart
26:09 Loom
29:22 Imperial Age
27:04 Burgundian Vineyards
27:52 Gold Mining
30:44 Imperial Age
28:30 Scale Barding Armor
28:47 Town Watch
29:37 Crop Rotation
29:16 Cavalier
30:18 Chain Barding Armor
32:24 Paladin
33:42 Plate Barding Armor
34:03 Forging
35:08 Scale Mail Armor
35:49 Iron Casting
39:26 Blast Furnace
38:32 Husbandry
40:07 Gold Shaft Mining
41:22 Light Cavalry
51:16 Flemish Revolution
RaZeeeeK
10:53 Feudal Age
11:53 Double-Bit Axe
14:25 Castle Age
12:25 Horse Collar
15:19 Bow Saw
18:51 Bow Saw
19:37 Loom
22:24 Heavy Plow
24:54 Wheelbarrow
24:41 Gold Mining
26:16 Hand Cart
29:53 Imperial Age
27:34 Scale Mail Armor
27:46 Forging
28:12 Squires
27:58 Gambesons
27:58 Arson
28:30 Chain Mail Armor
30:00 Elite Varangian Guard
31:46 Two-Man Saw
31:55 Plate Mail Armor
32:00 Iron Casting
31:25 Arson
32:38 Arson
34:02 Stone Mining
34:45 Crop Rotation
35:34 Blast Furnace
34:17 Capped Ram
35:52 Siege Ram
37:59 Siege Engineers
37:51 Gothikon
38:51 Conscription
44:27 Town Watch
47:31 Stone Shaft Mining
47:53 Fletching
48:03 Padded Archer Armor
47:58 Guard Tower
48:33 Ballistics
48:21 Murder Holes
48:28 Elite Skirmisher
50:28 Bodkin Arrow
50:48 Leather Archer Armor
51:35 Chemistry
51:55 Bracer
TioNachoooi
2:51 Loom
10:59 Feudal Age
15:09 Castle Age
12:55 Loom
13:06 Double-Bit Axe
16:42 Horse Collar
18:42 Town Watch
22:23 Wheelbarrow
22:24 Heavy Plow
23:46 Bow Saw
25:12 Hand Cart
26:18 Gold Mining
31:05 Imperial Age
28:46 Padded Archer Armor
28:36 Fletching
28:35 Crossbowman
29:27 Thumb Ring
30:33 Leather Archer Armor
30:13 Bodkin Arrow
31:21 Ballistics
31:08 Arbalester
32:14 Bracer
35:07 Chemistry
48:16 Ring Archer Armor
[Tumbis] The Fujur
8:55 Feudal Age
11:43 Loom
20:28 Castle Age
19:38 Town Watch
21:08 Bloodlines
21:11 Forging
21:08 Scale Barding Armor
21:22 Light Cavalry
27:21 Chain Barding Armor
27:36 Iron Casting
30:20 Gold Mining
30:16 Double-Bit Axe
30:31 Horse Collar
31:26 Bow Saw
31:11 Stone Mining
35:01 Wheelbarrow
34:29 Heavy Plow
35:11 Gold Shaft Mining
36:23 Steppe Husbandry
40:58 Hand Cart
43:47 Imperial Age
43:43 Padded Archer Armor
44:49 Conscription
43:53 Elite Steppe Lancer
45:09 Plate Barding Armor
45:35 Blast Furnace
45:40 Two-Man Saw
46:13 Hoardings
47:39 Crop Rotation
47:20 Hussar
51:34 Town Patrol
53:34 Fletching
maxwell54
3:35 Double-Bit Axe
7:41 Horse Collar
11:20 Feudal Age
15:21 Castle Age
13:58 Bow Saw
14:12 Heavy Plow
15:14 Wheelbarrow
21:00 Loom
23:25 Gold Mining
23:56 Hand Cart
24:47 Two-Man Saw
25:33 Gold Shaft Mining
26:01 Crop Rotation
29:16 Imperial Age
29:15 Coinage
30:06 Burgundian Vineyards
30:22 Conscription
31:05 Banking
30:12 Cavalier
30:53 Husbandry
31:29 Paladin
32:40 Scale Barding Armor
32:45 Forging
33:58 Chain Barding Armor
35:06 Iron Casting
37:07 Plate Barding Armor
39:46 Blast Furnace
48:45 Guilds
52:30 Light Cavalry
53:34 Hussar
juand400
10:38 Feudal Age
14:11 Castle Age
12:58 Double-Bit Axe
13:38 Horse Collar
22:18 Wheelbarrow
21:29 Loom
22:05 Padded Archer Armor
23:02 Leather Archer Armor
29:04 Bow Saw
29:15 Heavy Plow
32:18 Imperial Age
30:05 Hand Cart
30:52 Bloodlines
30:42 Husbandry
33:47 Ring Archer Armor
33:52 Elite Conquistador
35:53 Conscription
38:25 Hoardings
40:08 Fletching
40:29 Forging
40:24 Scale Barding Armor
41:22 Chemistry
40:42 Ballistics
40:33 Masonry
46:19 Light Cavalry
47:30 Chain Barding Armor
47:46 Iron Casting
47:06 Bodkin Arrow
47:44 Architecture
47:24 Fortified Wall
47:56 Town Watch
48:07 Hussar
55:19 Town Patrol
ACN_Mk
10:03 Feudal Age
9:35 Loom
14:16 Castle Age
12:56 Horse Collar
15:16 Double-Bit Axe
15:54 Crossbowman
18:37 Fletching
18:54 Town Watch
21:05 Bodkin Arrow
21:55 Bow Saw
22:41 Padded Archer Armor
24:15 Ballistics
24:57 Heavy Plow
25:43 Wheelbarrow
25:22 Gold Mining
28:39 Thumb Ring
29:51 Hand Cart
35:43 Imperial Age
34:09 Leather Archer Armor
34:24 Scale Barding Armor
35:06 Stone Mining
36:32 Husbandry
36:36 Bracer
36:22 Elite Elephant Archer
36:49 Light Cavalry
38:08 Conscription
38:35 Chain Barding Armor
39:33 Wootz Steel
40:39 Two-Man Saw
40:27 Ring Archer Armor
41:27 Scale Mail Armor
41:37 Forging
43:28 Chain Mail Armor
43:48 Iron Casting
42:37 Pikeman
43:17 Squires
43:03 Gambesons
44:07 Medical Corps
44:25 Halberdier
46:26 Plate Mail Armor
46:32 Iron Casting
45:22 Elite Skirmisher
54:11 Blast Furnace
Connection lost

Rejoining the realm…

Still unreachable

The connection could not be restored.

Session expired

The server has moved on; the page needs a fresh start.